 Dungeon Crawl Stone Soup version 0.25.1-8-g42b30a86e7 (webtiles) character file.

Game seed: 12874188635386078255

344732 Atlas the Sorcerer (level 21, -9/150 HPs)
             Began as a Mummy Ice Elementalist on Dec 6, 2020.
             Was the Champion of Vehumet.
             Mangled by a spriggan berserker
             ... wielding a +2 vorpal flail
              (17 damage)
             ... on level 2 of the Depths.
             The game lasted 02:26:08 (72534 turns).

Atlas the Sorcerer (Mummy Ice Elementalist)        Turns: 72534, Time: 02:26:08

Health: -9/150     AC: 22    Str: 19    XL:     21   Next: 15%
Magic:  48/48      EV: 22    Int: 21    God:    Vehumet [******]
Gold:   3510       SH:  8    Dex: 20    Spells: 38/67 levels left

rFire    + + .     SeeInvis +   k - +7 war axe "Southykk" {drain, *Rage +Rage rElec Int+2}
rCold    + + .     Gourm    .   a - +2 buckler {rF+}
rNeg     + + +     Faith    .   M - +5 ring mail {rF+}
rPois    ∞         Spirit   .   x - +1 helmet "Kotit" {SInv}
rElec    +         Reflect  .   s - scarf {rC+ rF+}
rCorr    +         Harm     .   b - +2 pair of gloves {Str+3}
MR       +++..                  A - +4 pair of boots of Disappointment {rElec rCorr Int-5 Dex+5}
Stlth    ++........             D - amulet of magic regeneration
HPRegen  0.35/turn              S - ring of protection from magic
MPRegen  0.56/turn              J - ring of Kecem {EV+4 Str+4 Dex+3}

@: studying Armour, silenced
A: no food or potions, fire vulnerability, cold resistance 1, negative energy
resistance 3, torment resistance, unbreathing, in touch with death 1
}: 2/15 runes: decaying, gossamer
a: Renounce Religion


You were on level 2 of the Depths.
You worshipped Vehumet.
Vehumet was exalted by your worship.
You were not hungry.

You visited 9 branches of the dungeon, and saw 41 of its levels.
You also visited: Gauntlet.

You collected 4690 gold pieces.
You spent 1180 gold pieces at shops.

Inventory:

Hand Weapons
 k - the +7 war axe "Southykk" (weapon) {drain, *Rage +Rage rElec Int+2}
   (You found it on level 2 of the Spider Nest)

   A truly terrible weapon, it drains the life of those it strikes.
   It affects your intelligence (+2).
   It insulates you from electricity.
   It lets you go berserk.
   It may make you go berserk in combat.
Missiles
 c - 9 silver javelins (quivered)
Armour
 a - a +2 buckler of fire resistance (worn)
 b - a +2 pair of gloves of strength (worn)
 s - a scarf of resistance (worn)
 x - the +1 helmet "Kotit" (worn) {SInv}
   (You found it on level 1 of the Lair of Beasts)

   It lets you see invisible.
 A - the +4 pair of boots of Disappointment (worn) {rElec rCorr Int-5 Dex+5}
   (You found it on level 3 of the Elven Halls)

   It affects your intelligence (-5).
   It affects your dexterity (+5).
   It insulates you from electricity.
   It provides partial protection from all sources of acid and corrosion.
 E - the +2 buckler "Michi" {Int+2}
   (You bought it in a shop on level 10 of the Dungeon)

   It affects your intelligence (+2).
 M - a +5 ring mail of fire resistance (worn)
Magical Staves
 B - an uncursed staff of energy
 N - an uncursed staff of wizardry
Jewellery
 h - an uncursed ring of flight
 j - an uncursed ring of magical power
 m - an uncursed amulet of reflection
 D - an amulet of magic regeneration (around neck)
 J - the ring of Kecem (right hand) {EV+4 Str+4 Dex+3}
   (You found it on level 6 of the Lair of Beasts)

   [ring of evasion]

   It affects your evasion (+4).
   It affects your strength (+4).
   It affects your dexterity (+3).
 K - an uncursed ring of protection from cold
 O - the ring "Doarazay" {MP+9 Int-2 Dex+6}
   (You found it in a Gauntlet)

   [ring of magical power]

   It affects your intelligence (-2).
   It affects your dexterity (+6).
   It affects your magic capacity (+9).
 R - a +4 ring of protection
 S - a ring of protection from magic (left hand)
 Y - the ring "Momaj" {rF+ rN+ Int+2 Stlth+}
   (You took it off a deep elf elementalist on level 3 of the Elven Halls)

   [ring of positive energy]

   It affects your intelligence (+2).
   It protects you from fire.
   It protects you from negative energy.
   It makes you more stealthy.
 Z - a +6 ring of intelligence {unknown}
Wands
 n - a wand of digging (8)
 q - a wand of acid (6)
 v - a wand of iceblast (23)
 w - a wand of disintegration (74)
 y - a wand of paralysis (18)
 F - a wand of flame (30)
 P - a wand of enslavement (31)
 T - a wand of polymorph (5)
Scrolls
 d - 5 scrolls of immolation
 e - 17 scrolls of teleportation
 f - 4 scrolls of amnesia
 g - 30 scrolls of remove curse
 i - 2 scrolls of blinking
 l - 8 scrolls of fog
 p - 5 scrolls of torment
 r - 7 scrolls of enchant weapon
 t - 2 scrolls of noise
 u - 12 scrolls of identify
 z - 4 scrolls of enchant armour
 C - 4 scrolls of fear
 G - 2 scrolls of silence
 I - 5 scrolls of vulnerability
 U - 7 scrolls of magic mapping
Books
 X - a manual of Armour
Miscellaneous
 H - a phantom mirror
 Q - 4 boxes of beasts


   Skills:
 + Level 9.3 Fighting
 + Level 7.7(10.3) Axes
   Level 10.8(11.7) Maces & Flails
 + Level 0.4 Throwing
 + Level 8.1 Armour
 + Level 8.8 Dodging
 - Level 2.0 Stealth
 - Level 4.0 Shields
 + Level 0.1 Unarmed Combat
 + Level 23.9 Spellcasting
 + Level 3.2 Conjurations
 + Level 1.7 Charms
 + Level 6.3 Summonings
 + Level 17.4 Ice Magic
 + Level 3.3 Air Magic
 + Level 2.3 Poison Magic
 + Level 1.7 Evocations


You had 38 spell levels left.
You knew the following spells:

 Your Spells              Type           Power        Failure   Level  Hunger
a - Freeze                Ice            ####         0%          1    N/A
b - Frozen Ramparts       Ice            ######       0%          3    N/A
c - Ozocubu's Armour      Chrm/Ice       ######..     1%          3    N/A
d - Summon Ice Beast      Ice/Summ       ######..     1%          4    N/A
e - Mephitic Cloud        Conj/Pois/Air  #####...     1%          3    N/A
f - Ozocubu's Refrigerat  Ice            #######...   1%          6    N/A
g - Absolute Zero         Ice            #######...   41%         9    N/A

Your spell library contained the following spells:

 Spells                   Type           Power        Failure   Level  Hunger
 Shatter                  Erth           ####......   100%        9    N/A
 Tornado                  Air            #####.....   100%        9    N/A
 Sting                    Tmut/Pois      ####         1%          1    N/A
 Summon Butterflies       Summ           ######..     1%          1    N/A
 Summon Small Mammal      Summ           ####         1%          1    N/A
 Corpse Rot               Necr/Air       N/A          1%          2    N/A
 Poisonous Vapours        Pois/Air       #####.       1%          2    N/A
 Call Canine Familiar     Summ           ######..     1%          3    N/A
 Conjure Flame            Conj/Fire      ####....     1%          3    N/A
 Ignite Poison            Fire/Tmut/Pois ####....     1%          3    N/A
 Stone Arrow              Conj/Erth      ####..       1%          3    N/A
 Hailstorm                Conj/Ice       ######..     1%          4    N/A
 Metabolic Englaciation   Hex/Ice        ######....   1%          5    N/A
 Animate Skeleton         Necr           N/A          2%          1    N/A
 Apportation              Tloc           ####..       2%          1    N/A
 Corona                   Hex            ####...      2%          1    N/A
 Pain                     Necr           ####         2%          1    N/A
 Inner Flame              Hex/Fire       ####....     2%          3    N/A
 Olgreb's Toxic Radiance  Pois           #####...     2%          4    N/A
 Slow                     Hex            ####....     3%          2    N/A
 Aura of Abjuration       Summ           ######....   4%          5    N/A
 Freezing Cloud           Conj/Ice/Air   ######....   4%          6    N/A
 Gell's Gravitas          Tloc           ####......   8%          3    N/A
 Lesser Beckoning         Tloc           ####......   8%          3    N/A
 Portal Projectile        Hex/Tloc       ####..       8%          3    N/A
 Tukima's Dance           Hex            ####....     8%          3    N/A
 Vampiric Draining        Necr           #####.....   8%          3    N/A
 Irradiate                Conj/Tmut      ####......   10%         5    N/A
 Simulacrum               Ice/Necr       #######...   11%         6    N/A
 Summon Forest            Summ/Tloc      #####.....   19%         5    N/A
 Summon Mana Viper        Hex/Summ       #####...     19%         5    N/A
 Animate Dead             Necr           N/A          24%         4    N/A
 Cause Fear               Hex            ####......   24%         4    N/A
 Leda's Liquefaction      Hex/Erth       ####......   24%         4    N/A
 Petrify                  Tmut/Erth      ####....     24%         4    N/A
 Shadow Creatures         Summ           N/A          28%         6    N/A
 Alistair's Intoxication  Tmut/Pois      ####....     38%         5    N/A
 Agony                    Necr           #####...     56%         5    N/A
 Borgnjor's Vile Clutch   Necr/Erth      #####.....   56%         5    N/A
 Summon Hydra             Summ           ######....   83%         7    N/A
 Eringya's Noxious Bog    Tmut/Pois      ####......   93%         6    N/A
 Dispersal                Tloc           ####......   98%         6    N/A
 Invisibility             Hex            ####....     98%         6    N/A
 Ring of Flames           Chrm/Fire      ####......   100%        7    N/A
 Controlled Blink         Tloc           N/A          100%        8    N/A
 Disjunction              Tloc           ####......   100%        8    N/A
 Dragon's Call            Summ           ######....   100%        9    N/A
 Ice Form                 Ice/Tmut       Unusable     N/A         4    N/A
 Beastly Appendage        Tmut           Unusable     N/A         1    N/A
 Sublimation of Blood     Necr           Unusable     N/A         2    N/A
 Hydra Form               Tmut           Unusable     N/A         6    N/A
 Statue Form              Tmut/Erth      Unusable     N/A         6    N/A
 Dragon Form              Tmut           Unusable     N/A         7    N/A

Dungeon Overview and Level Annotations

Branches:
Dungeon (15/15)            Temple (1/1) D:5            Lair (6/6) D:8
  Swamp (4/4) Lair:2       Spider (4/4) Lair:3        Slime (0/5) Lair:5
    Orc (2/2) D:9             Elf (3/3) Orc:2        Vaults (4/5) D:14
  Crypt (0/3) Vaults:2     Depths (2/5) D:15        Gauntlet (visited)

Altars:
Elyvilon
Fedhas
Gozag
Kikubaaqudgha
Okawaru
Qazlal
Ru
Trog
Vehumet
Wu Jian
Xom
Yredelemnul
Beogh

Shops:
D:8 :   D:10 [   D:14 }   Orc:1 ?*(**   Orc:2 (=[   Elf:2 *   Elf:3 (
Vaults:1 ?   Vaults:3 [   Vaults:4 %

Portals:
Hell: Depths:1 Depths:2
Abyss: Depths:1
Pandemonium: Depths:1
Ziggurat: Depths:1
Trove: Depths:1 (give 5 scrolls of blinking)

Annotations:
D:3 1 runed translucent door, tsbored's ghost, amateur HuCj
Elf:2 3 runed translucent doors
Depths:2 1 transporter, 1 runed translucent door


Innate Abilities, Weirdness & Mutations

You do not eat or drink.
Your flesh is vulnerable to fire.
You are immune to poison.
Your flesh is cold resistant. (rC+)
You are immune to negative energy. (rN+++)
You are immune to unholy pain and torment.
You can survive without breathing.
You are in touch with the powers of death.


Message History

The iron troll claws you!
You block the spriggan berserker's attack.
The juggernaut hits you!!!
* * * LOW HITPOINT WARNING * * *
You block the juggernaut's attack.
Found a human skeleton.
The moth of wrath's fur bristles in rage as it notices you.
The moth of wrath goads the ettin on!
The ettin goes berserk!
The spriggan berserker hits you with a +0 rapier!
* * * LOW HITPOINT WARNING * * *
The ettin misses you.
The ettin hits you with a +0 dire flail!
* * * LOW HITPOINT WARNING * * *
The spriggan berserker completely misses you.
The ettin closely misses you. The ettin barely misses you.
You block the ettin's attack. x2
Found 34 gold pieces.
The stone giant throws a large rock.
The large rock closely misses you.
The spriggan berserker hits you with a +2 vorpal flail!
You die...

...## ...#y #####
.©..# #y#§# ####
############
###...(....... .#
#T#.CT........ ..
#e#..C@.?)=..⌠ ##
#C#..ii$([$$.. .#
# #e#...$$:_)$$...
y #
#y#..####+####. #L
# ###..#y##W## #
.## #
#○#.C#########..#○
#
###....#.!.#....#
##...'.÷C'...#
##.('(©.'..#


You could see a juggernaut, a titan, an iron troll (berserk), a stone giant, an
ettin (berserk), a deep elf sorcerer, 2 spriggan berserkers, 4 moths of wrath, a
deep troll earth mage and a silent spectre (silencing).

Vanquished Creatures
  Mara (Depths:2)
  Sojobo (Vaults:4)
  the Lernaean hydra (Swamp:4)
  Arachne (Spider:3)
  A tentacled monstrosity (Depths:2)
  Jorgrun (D:13)
  2 deep elf blademasters (Elf:3)
  2 deep elf master archers (Elf:3)
  A sphinx (Depths:1)
  The ghost of Sharkman1231 the Warrior, an adept DsGl of Okawaru (Elf:3)
  A shadow dragon (Vaults:3)
  3 tengu reavers (Vaults:4)
  2 thorn hunters
  2 frost giants
  4 ghost moths
  5 deep elf sorcerers
  A balrug (Depths:1)
  3 vault wardens
  An orc warlord (Elf:3)
  Aizul (Elf:1)
  4 emperor scorpions
  4 deep elf elementalists (Elf:3)
  6 ironheart preservers
  6 very ugly things
  6 stone giants
  2 entropy weavers
  Nessos (D:15)
  6 deep elf demonologists (Elf:3)
  3 deep elf annihilators (Elf:3)
  A dire elephant (Lair:6)
  4 spark wasps (Depths:2)
  4 fire dragons
  10 deep elf death magi
  6 yaktaur captains
  6 ice dragons
  5 vault guards
  2 rakshasas
  13 hydras
  A spriggan air mage (Depths:2)
  A ghost crab (Swamp:4)
  A hell beast (Gauntlet)
  3 centaur warriors
  Erica (D:8)
  15 two-headed ogres
  A death yak (D:9)
  A queen ant (Gauntlet)
  6 deep troll shamans
  19 dancing weapons
  6 ogre magi
  10 alligators
  2 hell hogs (Depths:2)
  A deep troll earth mage (Vaults:3)
  2 tengu warriors (Depths:2)
  5 orc high priests
  15 deep elf knights
  A shadow wraith (Vaults:1)
  3 iron trolls
  A storm dragon skeleton (Vaults:3)
  5 deep trolls
  An unseen horror (Vaults:1)
  5 skeletal warriors
  A flayed ghost (Depths:2)
  3 shadow demons (Depths:1)
  2 wizards
  9 swamp dragons
  Pikel (D:8)
  18 deep elf archers
  4 lindwurms (Lair:3)
  3 necromancers
  A glowing orange brain (Depths:2)
  A lindwurm (shapeshifter) (D:15)
  14 ironbrand convokers
  13 orc knights
  7 harpies
  15 orb spiders
  37 ugly things
  28 wolf spiders
  50 deep elf magi
  4 oklob plants (Lair:4)
  A fire giant zombie (Vaults:3)
  5 orc sorcerers
  2 moths of wrath (Spider:4)
  A frost giant zombie (Depths:2)
  A salamander (D:15)
  13 elephants
  8 cyclopes
  6 black mambas
  A stone giant skeleton (Depths:2)
  Psyche (D:8)
  7 vault sentinels
  A smoke demon (Gauntlet)
  4 centaur skeletons
  A rime drake (shapeshifter) (Elf:3)
  3 gargoyles (D:14)
  7 spiny frogs
  A kobold demonologist (Depths:1)
  2 rime drakes
  10 demonic crawlers
  4 hellwings (Depths:1)
  2 freezing wraiths
  24 yaktaurs
  6 red devils (Depths:1)
  A yaktaur skeleton (Vaults:3)
  3 tengu conjurers
  3 polar bears
  8 komodo dragons
  6 trolls
  8 tyrant leeches
  A merfolk (D:11)
  A queen bee (shapeshifter) (Vaults:1)
  33 jumping spiders
  4 large abominations (Elf:1)
  12 hornets
  26 slime creatures
  20 bog bodies
  A dream sheep (Lair:4)
  An ettin zombie (Vaults:3)
  11 hippogriffs
  A fire giant simulacrum (Depths:2)
  19 blink frogs
  A raiju (shapeshifter) (Vaults:3)
  66 redbacks
  A water elemental (Elf:2)
  27 tarantellas
  A wyvern (shapeshifter) (Depths:1)
  5 spriggans
  7 air elementals
  2 wraiths
  2 wyverns
  2 humans (D:14)
  Eustachio (D:5)
  26 yaks
  A hog (shapeshifter) (D:12)
  2 basilisks
  7 fire elementals
  3 hungry ghosts
  12 vampire mosquitoes
  Edmund (D:5)
  17 swamp worms
  4 wargs
  14 insubstantial wisps
  7 soldier ants
  An acid dragon (D:11)
  A floating eye (Depths:2)
  Duvessa (D:5)
  11 water moccasins
  A floating eye (shapeshifter) (Vaults:4)
  10 hell hounds
  16 swamp drakes
  A deep troll skeleton (Vaults:3)
  7 porcupines
  41 orc warriors
  7 sky beasts
  3 slaves (D:8)
  4 black bears
  A hornet zombie (D:11)
  12 ice beasts
  14 centaurs
  A phantom (D:12)
  24 ogres
  5 boggarts (D:14)
  8 wolves
  8 crocodiles
  12 bullfrogs
  3 elf zombies (Elf:1)
  A wyvern zombie (D:12)
  3 earth elementals
  Dowan (D:5)
  A wyvern skeleton (D:12)
  2 scorpions
  29 killer bees
  8 wights
  3 howler monkeys (D:10)
  2 electric eels
  13 crimson imps
  A bullfrog zombie (D:11)
  3 centaur zombies
  A quasit (D:9)
  5 jellies
  25 orc priests
  5 hounds
  2 bullfrog skeletons
  Jessica (D:3)
  10 hell rats
  34 orc wizards
  2 iguanas
  13 worker ants
  A nameless horror (D:13)
  A hound skeleton (D:6)
  A hound zombie (D:8)
  A worker ant zombie (D:6)
  9 gnolls
  2 howler monkey skeletons
  6 adders
  3 shadow imps
  4 ufetubi
  An ooze (D:1)
  An adder zombie (D:9)
  An adder skeleton (D:6)
  A worm (D:3)
  3 dart slugs
  5 leopard geckos
  117 orcs
  4 bats
  4 giant cockroaches
  7 goblins
  3 hobgoblins
  5 jackals (D:1)
  7 quokkas
  3 ball pythons
  3 frilled lizards
  7 kobolds
  7 rats
  18 briar patches
  2 crawling corpses (Elf:3)
  5 fungi (Swamp:4)
  6 plants
1515 creatures vanquished.

Vanquished Creatures (collateral kills)
  An orc warlord (Orc:1)
  An emperor scorpion (Spider:4)
  4 dire elephants (Lair:6)
  A minotaur (Gauntlet)
  Josephine (D:14)
  A vault guard (D:14)
  5 hydras
  2 alligators (Swamp:1)
  An anaconda (Lair:6)
  A centaur warrior (D:13)
  A dancing weapon (Elf:1)
  An orc high priest (Orc:2)
  2 skeletal warriors
  An orc knight (D:15)
  7 wolf spiders
  5 orb spiders
  An orc sorcerer (Orc:2)
  2 cyclopes
  5 slime creatures
  2 manticores
  A moth of wrath (Spider:1)
  3 elephants
  A torpor snail (Lair:6)
  A spiny frog (Lair:6)
  A rime drake (Lair:2)
  3 demonic crawlers
  A red devil (Gauntlet)
  A troll (Orc:2)
  A hornet (Spider:2)
  A queen bee (Lair:3)
  6 jumping spiders
  A bog body (Lair:2)
  6 tarantellas
  3 wraiths (D:14)
  5 redbacks
  A yak (Lair:4)
  A basilisk (Lair:4)
  A hungry ghost (D:13)
  A vampire mosquito (Swamp:1)
  A warg (Orc:1)
  3 water moccasins
  3 orc warriors
  2 swamp drakes (Swamp:1)
  An ice beast (D:14)
  2 crocodiles (Lair:6)
  2 centaurs (D:13)
  A bullfrog (D:13)
  A killer bee (Lair:3)
  2 wights
  2 orc wizards (Orc:2)
  A hell rat (Lair:6)
  2 orcs (D:13)
107 creatures vanquished.

Vanquished Creatures (others)
  Nikola (Spider:3)
  A dancing weapon (Elf:3)
  2 air elementals (Elf:3)
  A swamp drake (Swamp:4)
  21 blocks of ice
  A briar patch (Swamp:3)
  3 demonic plants (Gauntlet)
  11 fungi
  6 plants
  A withered plant (D:3)
48 creatures vanquished.

Grand Total: 1670 creatures vanquished

Notes
Turn   | Place    | Note
-------+----------+-------------------------------------------
     0 | D:1      | Atlas the Mummy Ice Elementalist began the quest for the
                  | Orb.
     0 | D:1      | Reached XP level 1. HP: 13/13 MP: 4/4
   197 | D:1      | Reached XP level 2. HP: 19/19 MP: 1/5
   529 | D:1      | Reached skill level 3 in Spellcasting
   980 | D:1      | You fall into a shaft and drop 1 floor!
  1055 | D:2      | Reached XP level 3. HP: 25/25 MP: 1/7
  1060 | D:2      | Learned a level 3 spell: Frozen Ramparts
  1064 | D:2      | Learned a level 3 spell: Ozocubu's Armour
  1401 | D:2      | Found a blossoming altar of Fedhas.
  2360 | D:3      | Reached XP level 4. HP: 31/31 MP: 7/9
  2361 | D:3      | You fall into a shaft and drop 3 floors!
  2395 | D:5      | Entered Level 5 of the Dungeon
  2649 | D:5      | Found a staircase to the Ecumenical Temple.
  2659 | Temple   | Entered the Ecumenical Temple
  2675 | Temple   | Became a worshipper of Vehumet
  2697 | D:5      | Noticed a sky beast
  2712 | D:5      | Killed a sky beast
  2712 | D:5      | Reached skill level 4 in Spellcasting
  2712 | D:5      | Reached XP level 5. HP: 21/36 MP: 2/11
  2943 | D:3      | Found a runed translucent door.
  2943 | D:3      | Noticed tsbored's ghost (amateur HuCj)
  3026 | D:3      | Noticed Jessica
  3041 | D:3      | Killed Jessica
  3724 | D:4      | Reached skill level 5 in Spellcasting
  3724 | D:4      | Reached XP level 6. HP: 38/42 MP: 13/13
  4370 | D:5      | Reached skill level 5 in Ice Magic
  4420 | D:5      | Noticed Edmund
  4435 | D:5      | Killed Edmund
  4435 | D:5      | Reached skill level 1 in Fighting
  4435 | D:5      | Reached skill level 1 in Armour
  4746 | D:5      | Reached XP level 7. HP: 25/48 MP: 15/15
  4923 | D:5      | Noticed Duvessa
  4923 | D:5      | Noticed Dowan
  4930 | D:5      | Killed Dowan
  4930 | D:5      | Reached skill level 6 in Spellcasting
  4937 | D:5      | Killed Duvessa
  5082 | D:5      | Noticed Eustachio
  5092 | D:5      | Killed Eustachio
  5205 | D:5      | Reached skill level 1 in Maces & Flails
  5310 | D:5      | Reached XP level 8. HP: 55/55 MP: 18/18
  5483 | D:6      | Reached skill level 7 in Spellcasting
  5845 | D:6      | Reached * piety under Vehumet
  5845 | D:6      | Offered knowledge of Foxfire by Vehumet.
  6335 | D:6      | Found an iron altar of Okawaru.
  6382 | D:6      | Reached skill level 8 in Spellcasting
  6793 | D:7      | Reached XP level 9. HP: 47/62 MP: 19/21
  6794 | D:7      | Offered knowledge of Magic Dart by Vehumet.
  6913 | D:7      | Reached ** piety under Vehumet
  7291 | D:7      | Noticed a two-headed ogre
  7387 | D:6      | Learned a level 4 spell: Summon Ice Beast
  7721 | D:7      | Killed a two-headed ogre
  7721 | D:7      | Reached skill level 9 in Spellcasting
  8104 | D:7      | Reached skill level 5 in Maces & Flails
  8519 | D:8      | Found Wankem's Book Shop.
  8667 | D:8      | Noticed Pikel
  8687 | D:8      | Killed Pikel
  8687 | D:8      | Offered knowledge of Mephitic Cloud by Vehumet.
  8687 | D:8      | Reached XP level 10. HP: 63/71 MP: 18/23
  8697 | D:8      | Learned a level 3 spell: Mephitic Cloud
  8852 | D:8      | Found a staircase to the Lair.
  8984 | D:8      | Noticed Erica
  8997 | D:8      | Killed Erica
  8997 | D:8      | Reached *** piety under Vehumet
  8997 | D:8      | Reached skill level 1 in Charms
  8998 | D:8      | Found a shimmering altar of Xom.
  9170 | D:8      | Noticed Psyche
  9179 | D:8      | Killed Psyche
  9179 | D:8      | Reached skill level 10 in Spellcasting
  9721 | D:9      | Offered knowledge of Iskenderun's Mystic Blast by Vehumet.
  9883 | D:9      | Noticed a death yak
  9887 | D:9      | Reached **** piety under Vehumet
  9905 | D:9      | Offered knowledge of Stone Arrow by Vehumet.
  9915 | D:9      | HP: 3/73 [death yak (18)]
  9918 | D:9      | Killed a death yak
  9918 | D:9      | Reached XP level 11. HP: 5/78 MP: 25/25
 10073 | D:9      | Found a staircase to the Orcish Mines.
 10348 | D:10     | Entered Level 10 of the Dungeon
 10745 | D:10     | Found Nyituo Ikku's Armour Boutique.
 10768 | D:10     | Bought the +2 buckler "Michi" {Int+2} for 385 gold pieces
 10847 | D:10     | Reached skill level 5 in Fighting
 10892 | D:10     | Noticed a two-headed ogre
 10914 | D:10     | Killed a two-headed ogre
 11141 | D:11     | Noticed a brown ugly thing
 11147 | D:11     | Reached skill level 5 in Dodging
 11153 | D:11     | Killed a brown ugly thing
 11333 | D:11     | Reached skill level 11 in Spellcasting
 11333 | D:11     | Reached skill level 1 in Air Magic
 11850 | D:11     | Reached skill level 1 in Summonings
 12151 | D:12     | Noticed a deep elf mage
 12158 | D:12     | Killed a deep elf mage
 12243 | D:12     | Reached XP level 12. HP: 83/87 MP: 27/27
 12278 | D:12     | Reached ***** piety under Vehumet
 12366 | D:12     | Offered knowledge of Yara's Violent Unravelling by Vehumet.
 12805 | D:12     | Reached skill level 1 in Shields
 13135 | D:13     | Noticed Jorgrun
 13156 | D:13     | Killed Jorgrun
 13156 | D:13     | Reached skill level 12 in Spellcasting
 13552 | D:13     | Noticed a centaur warrior
 13569 | D:13     | Killed a centaur warrior
 15132 | D:14     | Noticed a vault guard
 15132 | D:14     | Noticed a vault guard
 15340 | D:14     | Reached skill level 13 in Spellcasting
 15340 | D:14     | Reached skill level 1 in Poison Magic
 15803 | D:14     | Killed a vault guard
 15803 | D:14     | Gained mutation: You are in touch with the powers of death.
                  | [Mummy growth]
 15803 | D:14     | Reached XP level 13. HP: 93/93 MP: 30/30
 15921 | D:14     | Reached skill level 1 in Conjurations
 15922 | D:14     | Reached skill level 10 in Ice Magic
 16111 | D:14     | Found a gate to the Vaults.
 16198 | D:14     | Noticed Josephine
 16356 | D:14     | Killed Josephine
 16549 | D:14     | Found Woenti's Gadget Emporium.
 16568 | D:15     | Entered Level 15 of the Dungeon
 16632 | D:15     | Noticed Nessos
 16655 | D:15     | Killed Nessos
 16816 | D:15     | Found an opulent altar of Gozag.
 16880 | D:15     | Reached skill level 14 in Spellcasting
 17684 | D:15     | Found a staircase to the Depths.
 18184 | Lair:1   | Entered Level 1 of the Lair of Beasts
 18478 | Lair:1   | You fall into a shaft and drop 1 floor!
 18638 | Lair:2   | Offered knowledge of Fulminant Prism by Vehumet.
 18780 | Lair:2   | Found a staircase to the Swamp.
 19292 | Lair:1   | Got a faintly humming helmet
 19303 | Lair:1   | Identified the +1 helmet "Kotit" {SInv} (You found it on
                  | level 1 of the Lair of Beasts)
 20199 | Lair:2   | Reached XP level 14. HP: 90/101 MP: 32/32
 21344 | Lair:3   | You fall into a shaft and drop 1 floor!
 21464 | Lair:3   | Found a hole to the Spider Nest.
 23365 | Lair:5   | Found a gate leading to a gauntlet.
 23408 | Gauntlet | Entered a Gauntlet
 23408 | Gauntlet | Found a transporter.
 23542 | Gauntlet | Found a transporter.
 23544 | Gauntlet | Found a transporter.
 23546 | Gauntlet | Found a transporter.
 23563 | Gauntlet | Found a transporter.
 23583 | Gauntlet | Found a transporter.
 23585 | Gauntlet | Found a large runed translucent door.
 23585 | Gauntlet | Found a large runed translucent door.
 23586 | Gauntlet | Found a large runed translucent door.
 23586 | Gauntlet | Found a large runed translucent door.
 23587 | Gauntlet | Found a large runed translucent door.
 23587 | Gauntlet | Found a large runed translucent door.
 23587 | Gauntlet | Found a runed translucent door.
 23587 | Gauntlet | Found a runed translucent door.
 23587 | Gauntlet | Found a large runed translucent door.
 23587 | Gauntlet | Found a large runed translucent door.
 23588 | Gauntlet | Found a large runed translucent door.
 23588 | Gauntlet | Found a large runed translucent door.
 23590 | Gauntlet | Found a transporter.
 23608 | Gauntlet | Found a transporter.
 23624 | Gauntlet | Found a large runed translucent door.
 23625 | Gauntlet | Found a large runed translucent door.
 23626 | Gauntlet | Found a large runed translucent door.
 23627 | Gauntlet | Found a runed translucent gate.
 23628 | Gauntlet | Found a transporter.
 23628 | Gauntlet | Found a runed translucent gate.
 23629 | Gauntlet | Found a runed translucent gate.
 23630 | Gauntlet | Found a large runed translucent door.
 23631 | Gauntlet | Found a large runed translucent door.
 23632 | Gauntlet | Found a large runed translucent door.
 23640 | Gauntlet | Found a transporter.
 23652 | Gauntlet | Found a transporter.
 23664 | Gauntlet | Found a transporter.
 23667 | Gauntlet | Found the +8 longbow "Zephyr" {speed, Dex+3 SInv}
 23676 | Gauntlet | Found a transporter.
 23696 | Gauntlet | Found a transporter.
 23714 | Gauntlet | Found a transporter.
 23716 | Gauntlet | Found a transporter.
 23750 | Gauntlet | Found a transporter.
 23752 | Gauntlet | Found a transporter.
 23813 | Gauntlet | Reached skill level 15 in Spellcasting
 24012 | Gauntlet | Reached skill level 10 in Maces & Flails
 24154 | Gauntlet | Reached skill level 5 in Armour
 24331 | Gauntlet | Got a shimmering iron ring
 24332 | Gauntlet | Got a twisted great sword
 24333 | Gauntlet | Identified the ring "Doarazay" {MP+9 Int-2 Dex+6} (You
                  | found it in a Gauntlet)
 24334 | Gauntlet | Identified the +11 great sword "Vecw" {venom, rElec rPois
                  | Str+4 Dex-5} (You found it in a Gauntlet)
 25516 | Lair:5   | Found a staircase to the Slime Pits.
 25803 | Lair:6   | Entered Level 6 of the Lair of Beasts
 27609 | Lair:6   | Identified the Papyrus of Creative Toxins
 27767 | Lair:6   | Reached XP level 15. HP: 69/108 MP: 24/34
 27807 | Lair:6   | Got a steaming wooden ring
 28042 | Lair:6   | Identified the ring of Kecem {EV+4 Str+4 Dex+3} (You found
                  | it on level 6 of the Lair of Beasts)
 28615 | Lair:6   | Offered knowledge of Irradiate by Vehumet.
 29027 | Orc:1    | Entered Level 1 of the Orcish Mines
 29491 | Orc:1    | Found Bafoc's General Store.
 29496 | Orc:1    | Found Rin Voun's Assorted Antiques.
 29543 | Orc:1    | Found Xaxkuym's Weapon Shop.
 29849 | Orc:1    | Found Uffeat's Magic Scroll Shop.
 29857 | Orc:1    | Bought a scroll of blinking for 112 gold pieces
 29857 | Orc:1    | Bought a scroll of blinking for 112 gold pieces
 29857 | Orc:1    | Bought a scroll of teleportation for 45 gold pieces
 29883 | Orc:1    | Found Ruppa's Assorted Antiques.
 30124 | Orc:2    | Entered Level 2 of the Orcish Mines
 30127 | Orc:2    | Found a staircase to the Elven Halls.
 31379 | Orc:2    | Noticed an orc warlord
 31970 | Orc:1    | Killed an orc warlord
 32554 | Orc:2    | Found Yshriem's General Store.
 32554 | Orc:2    | Found Vouh's Jewellery Boutique.
 32591 | Orc:2    | Paralysed by an orc sorcerer for 6 turns
 32617 | Orc:2    | Found Acenkuex's Antique Armour Boutique.
 32617 | Orc:2    | Found Poseumo's Antique Weapon Shop.
 32656 | Orc:2    | Bought a pair of embroidered gloves for 255 gold pieces
 33090 | Elf:1    | Entered Level 1 of the Elven Halls
 33123 | Elf:1    | Reached ****** piety under Vehumet
 33238 | Elf:1    | Reached skill level 16 in Spellcasting
 33678 | Spider:1 | Entered Level 1 of the Spider Nest
 33702 | Spider:1 | Offered knowledge of Conjure Ball Lightning by Vehumet.
 34812 | Spider:1 | Reached skill level 5 in Summonings
 38005 | Spider:2 | Got an ancient war axe
 38016 | Spider:2 | Reached XP level 16. HP: 59/116 MP: 28/36
 38245 | Spider:2 | Identified the +7 war axe "Southykk" {drain, *Rage +Rage
                  | rElec Int+2} (You found it on level 2 of the Spider Nest)
 39135 | Spider:3 | Reached skill level 1 in Axes
 40086 | Spider:3 | Offered knowledge of Freezing Cloud by Vehumet.
 40117 | Spider:3 | Learned a level 6 spell: Freezing Cloud
 40306 | Spider:3 | Noticed Nikola
 41514 | Spider:3 | Killed Nikola
 42412 | Spider:3 | Noticed Arachne
 42455 | Spider:3 | Reached skill level 17 in Spellcasting
 42455 | Spider:3 | Killed Arachne
 43375 | Spider:4 | Entered Level 4 of the Spider Nest
 44852 | Spider:4 | Offered knowledge of Lightning Bolt by Vehumet.
 46569 | Spider:4 | Reached skill level 5 in Axes
 47686 | Spider:4 | Got a gossamer rune of Zot
 47900 | Swamp:1  | Entered Level 1 of the Swamp
 47909 | Swamp:1  | Reached XP level 17. HP: 118/124 MP: 29/38
 48443 | Lair:4   | Offered knowledge of Ozocubu's Refrigeration by Vehumet.
 48545 | Lair:4   | Identified the +12 dagger "Zaaxadgh" {vamp, rF+ rC- MR+
                  | SInv} (You found it on level 4 of the Lair of Beasts)
 48553 | Lair:4   | Learned a level 6 spell: Ozocubu's Refrigeration
 48993 | Elf:1    | Noticed Aizul
 48999 | Elf:1    | Killed Aizul
 49790 | Elf:1    | Reached skill level 1 in Evocations
 49979 | Elf:1    | Reached skill level 18 in Spellcasting
 49995 | Elf:1    | Identified the Reference Book on Necromancy
 50440 | Elf:2    | HP: 2/124 [+0 halberd of venom (21)]
 50963 | Elf:2    | Found a runed translucent gate.
 50963 | Elf:2    | Found a runed translucent gate.
 50979 | Elf:2    | Found a runed translucent gate.
 51709 | Elf:2    | Found Xicet's General Store.
 51951 | Elf:3    | Entered Level 3 of the Elven Halls
 52200 | Elf:3    | Found Coatsom's Weapon Boutique.
 52466 | Elf:3    | Noticed a deep elf blademaster
 52487 | Elf:3    | Killed a deep elf blademaster
 52623 | Elf:3    | Noticed an Ice Fiend
 52794 | Elf:3    | Noticed a deep elf master archer
 52799 | Elf:3    | Killed a deep elf master archer
 52999 | Elf:3    | Noticed a deep elf blademaster
 53004 | Elf:3    | Killed a deep elf blademaster
 53096 | Elf:3    | Reached XP level 18. HP: 94/131 MP: 35/40
 53113 | Elf:3    | Reached skill level 19 in Spellcasting
 53230 | Elf:3    | Identified the amulet of Cubyegiy {Spirit rN+ Slay+3}
 53562 | Elf:3    | Identified the +8 great mace of Salt {drain, Str+4 Int-3
                  | Dex+2 Stlth+} (You found it on level 3 of the Elven Halls)
 53619 | Elf:3    | Found the +6 arbalest "Damnation" {damnation}
 53804 | Elf:3    | Identified the ring "Momaj" {rF+ rN+ Int+2 Stlth+}
 54248 | Elf:3    | Found a runed translucent gate.
 54250 | Elf:3    | Found a runed translucent gate.
 54250 | Elf:3    | Found a runed translucent gate.
 54463 | Elf:3    | Noticed Sharkman1231's ghost (adept DsGl)
 54631 | Elf:3    | Found a roughly hewn altar of Beogh.
 54681 | Elf:3    | Offered knowledge of Shatter by Vehumet.
 54681 | Elf:3    | Offered knowledge of Tornado by Vehumet.
 54681 | Elf:3    | Offered knowledge of Absolute Zero by Vehumet.
 54730 | Elf:3    | Identified Vaserhocuowk's Tome of Changing and Creation
 54774 | Elf:3    | Learned a level 9 spell: Absolute Zero
 55979 | Elf:3    | Killed Sharkman1231's ghost
 56123 | Elf:3    | Got a pair of dazzling boots
 56127 | Elf:3    | Identified the +4 pair of boots of Disappointment {rElec
                  | rCorr Int-5 Dex+5} (You found it on level 3 of the Elven
                  | Halls)
 56531 | Swamp:1  | Reached skill level 20 in Spellcasting
 58238 | Swamp:2  | Identified the Collected Works on Dusty Orientation
 59927 | Swamp:4  | Entered Level 4 of the Swamp
 60072 | Swamp:4  | Reached skill level 15 in Ice Magic
 60137 | Swamp:4  | Reached XP level 19. HP: 124/138 MP: 4/43
 60811 | Swamp:4  | Noticed the 27-headed Lernaean hydra
 60819 | Swamp:4  | Killed the 27-headed Lernaean hydra
 60819 | Swamp:4  | Reached skill level 21 in Spellcasting
 60933 | Swamp:4  | Got a decaying rune of Zot
 61308 | Vaults:1 | Entered Level 1 of the Vaults
 62021 | Vaults:1 | Found Yso Qugh's Magic Scroll Shoppe.
 62028 | Vaults:1 | Bought 3 scrolls of magic mapping for 178 gold pieces
 62028 | Vaults:1 | Bought a scroll of fog for 34 gold pieces
 62028 | Vaults:1 | Bought a scroll of magic mapping for 59 gold pieces
 63426 | Vaults:2 | Found a staircase to the Crypt.
 63426 | Vaults:2 | Found a basalt altar of Yredelemnul.
 63427 | Vaults:2 | Found an ancient bone altar of Kikubaaqudgha.
 63713 | Vaults:2 | You fall into a shaft and drop 1 floor!
 63775 | Vaults:3 | Found Loqiupp's Armour Boutique.
 64558 | Vaults:3 | Reached skill level 22 in Spellcasting
 65454 | Vaults:3 | Reached XP level 20. HP: 139/145 MP: 38/46
 67400 | Vaults:4 | Noticed Sojobo
 67407 | Vaults:4 | Killed Sojobo
 67791 | Vaults:4 | Found Xyuts's Food Emporium.
 69133 | Depths:1 | Entered Level 1 of the Depths
 69149 | Depths:1 | Reached skill level 23 in Spellcasting
 69328 | Depths:1 | Found a gateway to a ziggurat.
 69516 | Depths:1 | Found a gateway to Hell.
 70027 | Depths:1 | Found a one-way gate to the infinite horrors of the Abyss.
 70049 | Depths:1 | Found a one-way gate leading to the halls of Pandemonium.
 70261 | Depths:1 | Found a portal to a secret trove of treasure.
 70772 | Depths:2 | HP: 4/145 [yaktaur/bolt (7)]
 71754 | Depths:2 | Reached XP level 21. HP: 78/150 MP: 29/48
 72222 | Depths:2 | Noticed Mara
 72224 | Depths:2 | Killed Mara
 72466 | Depths:2 | Found a transporter.
 72476 | Depths:2 | Found a transporter.
 72518 | Depths:2 | Found a runed translucent door.
 72518 | Depths:2 | Found a bloodstained altar of Trog.
 72519 | Depths:2 | Found the +8 Wrath of Trog {antimagic, *Rage}
 72526 | Depths:2 | Noticed a juggernaut
 72531 | Depths:2 | HP: 7/150 [ettin/+0 great mace (16)]
 72534 | Depths:2 | Mangled by a spriggan berserker

Illustrated notes

Levels and vault maps discovered:
D:1:      nicolae_arrival_memento_mori, layout_rooms
D:2:      layout_loops_ring, fedhas_altar_1
D:3:      layout_loops_ring, first_ration, gammafunk_ghost_grave, corexii_shack,
          uniq_jessica
D:4:      layout_cave_pools
D:5:      layout_basic, minmay_temple_entry_glassed_door, minmay_statues_item,
          uniq_eustachio, uniq_edmund, uniq_duvessa
D:6:      layout_loops_cross, okawaru_ov_weapons_minmay
D:7:      layout_basic
D:8:      layout_loops_corners, overflow_temple_1_default,
          erik_lair_orcish_takeover, serial_shops, shop, uniq_psyche,
          uniq_erica, uniq_pikel
D:9:      layout_rooms, hiddenorc2_lemuel, serial_ice, serial_ice_i,
          serial_ice_b, serial_ice_e, serial_ice_h
D:10:     layout_small_grid, serial_shops, shop
D:11:     layout_basic, hangedman_fish_farm
D:12:     layout_roguey
D:13:     layout_stronghold, uniq_jorgrun
D:14:     layout_roguey, grunt_vaults_entry_fortified,
          portal_ice_cave_entry_ice_beasts, serial_shops, shop,
          chequers_hall_statues_wall_a, uniq_josephine
D:15:     hangedman_depths_entry_try_elsewhere_first, layout_cave_pods,
          minmay_misc_feat_four_crosses, grunt_gozag_breadcrumbs, uniq_nessos
Temple:   regret_index_temple_sigil_plot
Lair:1:   layout_chaotic_city
Lair:2:   layout_hall_layers, skrybe_swamp_entry_bodies, st_stairs_8,
          nicolae_quartered_pool_little
Lair:3:   layout_layer_cave, nicolae_spider_entry_orb_guardian, special_room
          [special_room_bee], minmay_lindwurm_lava
Lair:4:   layout_gridlike, beast_lair_carwin_11, lemuel_fruit_fields,
          grunt_megastairs_1, minmay_lair_oklob_chamber,
          infiniplex_staircase_pool_2
Lair:5:   layout_regular_city, minmay_slime_entry_pillars,
          gauntlet_entry_generic, grunt_megastairs_2, serial_bayou_shore_b
Lair:6:   due_jungle_book, layout_cave_pods
Swamp:1:  layout_basic_swamp, evilmike_swamp_ruin_house_2, swamp_pool4
Swamp:2:  layout_basic_swamp, hangedman_swamp_blocks
Swamp:3:  layout_falls_marsh, evilmike_swamp_ruin_house_6, swamp_pool1
Swamp:4:  grunt_swamp_rune_castle, layout_basic_swamp
Spider:1: layout_chambers
Spider:2: layout_chambers
Spider:3: layout_chambers, uniq_arachne, uniq_nikola
Spider:4: spider_rune_water, einodemon_crawler_minivault
Orc:1:    layout_caves, serial_shops, shop_statue, nicolae_shop_statue_plus,
          shop, shop, nicolae_shop_trees
Orc:2:    st_orc_congregation, layout_diamond_mine
Elf:1:    eino_elf_arrival_customs, layout_loops_cross, minmay_elf_necromancy,
          uniq_aizul
Elf:2:    layout_loops_ring, serial_shops, shop
Elf:3:    grunt_elf_hall_branching, layout_loops_cross, serial_shops, shop,
          gammafunk_ghost_tricky_traps, special_room [special_room_orc],
          grunt_ministairs_7, st_stairs_5
Vaults:1: v_misc_15, v_misc_25, v_misc_26, hangedman_vaults_impose, v_pattern_1,
          v_misc_1, grunt_vaults_hallway_short, ontoclasm_vaults_chip,
          ontoclasm_vaults_chip, layout_vaults_omnigrid, serial_shops, shop
Vaults:2: nicolae_vaults_circle_grid_a, v_rooms_1, nicolae_vaults_angled_halls,
          minmay_crypt_entry_necro_gods, hangedman_vaults_nodes,
          vaults_dpeg_ring, v_alt_pattern_4, v_misc_27, serial_ice_h,
          layout_vaults_big_cross
Vaults:3: nicolae_vaults_network_quinsquares
          [nicolae_vaults_network_quincunx_subvault,
          nicolae_vaults_network_quincunx_subvault,
          nicolae_vaults_network_quincunx_subvault,
          nicolae_vaults_network_quincunx_subvault], ontoclasm_vaults_hangar,
          nicolae_vaults_bisected_slash, v_misc_16, v_misc_17,
          vaults_room_fours, v_pattern_2, vaults_room_pools,
          grunt_vaults_funnel, v_misc_29, vaults_room_hallway,
          vaults_mumra_hexcomb, vaults_dpeg_encased_lava,
          layout_vaults_chaotic_city, serial_shops,
          nicolae_shop_temple_entry_statues_fountains
Vaults:4: v_pattern_4, vaults_dpeg_cross, nicolae_vaults_puzzle_piece,
          nicolae_vaults_asterisk, nicolae_vaults_network_quincunx
          [nicolae_vaults_network_quincunx_subvault,
          nicolae_vaults_network_quincunx_subvault,
          nicolae_vaults_network_quincunx_subvault,
          nicolae_vaults_network_quincunx_subvault,
          nicolae_vaults_network_quincunx_subvault],
          nicolae_vaults_big_angled_halls, nicolae_vaults_little_squares_1,
          grunt_vaults_hallway_short, v_alt_pattern_6,
          nicolae_vaults_angled_halls, vaults_dpeg_spiral,
          nicolae_vaults_circle_grid_b, hangedman_vaults_snaps,
          nicolae_vaults_yaktaur_gun_rack, layout_vaults_omnibox, serial_shops,
          nicolae_shop_behind_doors, uniq_sojobo
Depths:1: layout_honeycomb, enter_ziggurat_a, hellmouth_3, abyss_entry_crystal,
          nicolae_trove_entry_crossroad, grunt_pan_entry_in_and_out,
          nrook_kobold_shadow_demons
Depths:2: emtedronai_trogs_sanctum, layout_basic, minmay_misc_feat_diagonals,
          serial_corexii_hall, corexii_hall_statues_i, corexii_hall_statues_u,
          grunt_hell_horde, uniq_bai_suzhen, uniq_mara

Skill      XL: |  1  2  3  4  5  6  7  8  9 10 11 12 13 14 15 16 17 18 19 20 |
---------------+-------------------------------------------------------------+-----
Spellcasting   | 3 4 5 6 8 9 10 11 13 14 15 16 17 18 20 22 23 | 23.9
Ice Magic      | 4 5 6 7 8 9 10 11 12 13 15 16 17 | 17.4
Fighting       | 1 2 3 4 5 6 7 8 9 |  9.3
Armour         | 1 2 3 4 5 6 7 8 |  8.1
Dodging        | 2 3 4 5 6 7 8 |  8.8
Stealth        | 2 |  2.0
Maces & Flails | 1 3 5 6 8 9 10 | 10.8
Charms         | 1 |  1.7
Air Magic      | 1 2 3 |  3.3
Summonings     | 1 3 4 5 6 |  6.3
Shields        | 1 2 3 4 |  4.0
Poison Magic   | 1 2 |  2.3
Conjurations   | 1 2 3 |  3.2
Axes           | 5 6 7 |  7.7
Evocations     | 1 |  1.7
Throwing       | |  0.4
Unarmed Combat | |  0.1

Action                   |  1- 3 |  4- 6 |  7- 9 | 10-12 | 13-15 | 16-18 | 19-21 || total
-------------------------+-------+-------+-------+-------+-------+-------+-------++-------
Melee: Unarmed           |    31 |     7 |       |       |       |       |       ||    38
       Flail             |       |     7 |   223 |   616 |  1401 |     3 |       ||  2250
       Staff             |       |       |       |    22 |       |       |     5 ||    27
       War axe           |       |       |       |       |       |   712 |   293 ||  1005
Throw: Javelin           |       |       |       |       |     1 |     3 |     1 ||     5
 Cast: Freeze            |    74 |    52 |    28 |    62 |    80 |       |       ||   296
       Frozen Ramparts   |       |     3 |    23 |    65 |   156 |    54 |     3 ||   304
       Ozocubu's Armour  |       |       |     4 |    10 |     2 |       |       ||    16
       Summon Ice Beast  |       |       |     1 |    40 |   162 |    84 |    11 ||   298
       Mephitic Cloud    |       |       |       |    29 |    89 |     6 |       ||   124
       Freezing Cloud    |       |       |       |       |       |    24 |       ||    24
       Ozocubu's Refrige |       |       |       |       |       |   392 |   340 ||   732
       Absolute Zero     |       |       |       |       |       |     1 |    20 ||    21
 Abil: Evoke Flight      |       |       |       |       |       |     1 |       ||     1
Evoke: Wand              |       |       |       |     5 |     4 |    14 |     7 ||    30
  Use: Scroll            |       |     2 |     7 |     4 |     8 |    23 |    11 ||    55
 Stab: Sleeping          |       |     1 |     1 |     6 |     1 |       |     1 ||    10
       Distracted        |       |       |     1 |     4 |     3 |     4 |     1 ||    13
       Confused          |       |       |       |     7 |    24 |     2 |       ||    33
Armor: Robe              |    24 |     7 |       |    21 |       |       |       ||    52
       Leather armour    |       |     8 |   106 |     4 |       |       |       ||   118
       Troll leather arm |       |       |       |   190 |    60 |       |       ||   250
       Ring mail         |       |       |       |       |   522 |   481 |   175 ||  1178
Dodge: Dodged            |    59 |    26 |   208 |   493 |  1291 |  1008 |   369 ||  3454
Block: Buckler           |       |       |       |   117 |   480 |   291 |   160 ||  1048
